 Dungeon Crawl Stone Soup version 0.23-a0-435-g79ed067 (webtiles) character file.

88 Lavandula the Chucker (level 4, -6/29 HPs)
             Began as an Octopode Hunter on Nov 16, 2018.
             Mangled by a gnoll
             ... wielding a +0 spear
              (12 damage)
             ... on level 4 of the Dungeon.
             The game lasted 00:07:41 (1064 turns).

Lavandula the Chucker (Octopode Hunter)             Turns: 1064, Time: 00:07:41

Health: -6/29      AC:  1    Str: 12    XL:     4   Next: 54%
Magic:  4/4        EV: 13    Int: 13    God:
Gold:   93         SH:  0    Dex: 12    Spells: 3/3 levels left

rFire    . . .     SeeInvis +     - Unarmed
rCold    . . .     Gourm    .   (no shield)
rNeg     . . .     Faith    .   (helmet restricted)
rPois    .         Spirit   .   (no amulet)
rElec    .         Reflect  .   f - ring of see invisible
rCorr    .         Harm     .   (no ring)
MR       .....                  (no ring)
Stlth    +++.......             (no ring)
HPRegen  0.09/turn              (no ring)
MPRegen  0.09/turn              (no ring)
                                (no ring)
                                (no ring)

@: no status effects
A: almost no armour, stealthy swim, amphibious, 8 rings, constrict 8, camouflage
1, gelatinous body 1
a: no special abilities


You were on level 4 of the Dungeon.
You were hungry.

You visited 1 branch of the dungeon, and saw 5 of its levels.

You collected 93 gold pieces.

Inventory:

Hand Weapons
 k - a +0 hunting sling
Missiles
 c - a throwing net (quivered)
 l - 54 stones
Jewellery
 f - a ring of see invisible (left tentacle)
Scrolls
 a - a scroll of enchant weapon
 g - a scroll of fear
Potions
 e - 4 potions of cancellation
 h - 2 potions of degeneration {unknown}
 i - 2 potions of lignification {unknown}
 j - a potion of magic {unknown}
Comestibles
 d - 4 rations


   Skills:
 - Level 2.1 Fighting
 - Level 4.6 Throwing
 - Level 2.0 Dodging
 - Level 1.3 Stealth
 + Level 3.1 Unarmed Combat


You had 3 spell levels left.
You didn't know any spells.
Your spell library was empty.

Dungeon Overview and Level Annotations

Branches:
Dungeon (5/15)
 Temple: D:4-7

Altars:
Cheibriados

Annotations:
D:3 Terence


Innate Abilities, Weirdness & Mutations

You cannot wear most types of armour.
You are very stealthy in the water. (Stealth+)
You are amphibious.
You can wear up to eight rings at the same time.
You can use your tentacles to constrict eight enemies at once.
Your skin changes colour to match your surroundings (Stealth+).
Your rubbery body absorbs attacks. (AC +1, EV +1)


Message History

Unknown command.
There is an open door here.
You closely miss the gnoll. You grab the gnoll. You constrict the gnoll.
The gnoll hits you with a +0 club.
You tentacle-slap the gnoll.
The gnoll is moderately wounded.
You constrict the gnoll. The gnoll closely misses you.
The gnoll hits you from afar with a +0 spear.
You tentacle-slap the gnoll.
The gnoll is severely wounded.
You constrict the gnoll. The gnoll barely misses you.
The gnoll closely misses you.
You tentacle-slap the gnoll.
The gnoll is almost dead.
You constrict the gnoll.
You kill the gnoll!
The gnoll hits you from afar with a +0 spear!
* * * LOW HITPOINT WARNING * * *
The gnoll hits you with a +0 spear!
You die...

#........#..#.....#
#........#..#.....#
##..##...#..#.....# .
....##...+..#.....# ..
#...##..##..###..## ..
#...##'###..###..##+#### #.
#................#.....# ##.
#...............g#.....# #..
######.#########@#.....# #..
#.#...............##########
..#..........#####..........
#..#..........#...#..........
#..#..........'...'..........
##+#..........##'##..........
.######.......##########+
#.......# #.. #.......+ #..


You could see a gnoll.

Vanquished Creatures
  A gnoll (D:4)
  3 adders (D:4)
  An ooze (D:1)
  An adder skeleton (D:5)
  A dart slug (D:2)
  A leopard gecko (D:5)
  5 orcs (D:3)
  4 bats
  A giant cockroach (D:3)
  4 goblins
  2 hobgoblins (D:2)
  2 jackals (D:5)
  A quokka (D:4)
  A ball python (D:1)
  A frilled lizard (D:1)
  4 kobolds
  A quokka skeleton (D:4)
  A quokka zombie (D:5)
  4 rats
39 creatures vanquished.

Notes
Turn   | Place    | Note
-------+----------+-------------------------------------------
     0 | D:1      | Lavandula the Octopode Hunter began the quest for the Orb.
     0 | D:1      | Reached XP level 1. HP: 14/14 MP: 1/1
    47 | D:1      | Reached XP level 2. HP: 12/19 MP: 2/2
   311 | D:2      | Found a snail-covered altar of Cheibriados.
   404 | D:3      | Reached skill level 1 in Unarmed Combat
   404 | D:3      | Reached XP level 3. HP: 17/24 MP: 3/3
   589 | D:3      | Noticed Terence
   653 | D:4      | Noticed a scorpion
   673 | D:4      | Reached XP level 4. HP: 9/29 MP: 4/4
   745 | D:5      | Entered Level 5 of the Dungeon
   858 | D:5      | Noticed an ice beast
   896 | D:5      | Noticed a sky beast
  1064 | D:4      | Mangled by a gnoll

Vault maps used:
D:1:      dpeg_arrival_radiant, st_stairs_11
D:2:      nicolae_overflow_crystal_walls
D:3:      serial_forest, infiniplex_forest_lined_room_,
          infiniplex_forest_corner_1, infiniplex_forest_zigzag_1,
          infiniplex_forest_lined_1, infiniplex_forest_lined_room_2,
          infiniplex_forest_clump_curved, gammafunk_ghost_grave, first_ration,
          uniq_crazy_yiuf_cottage, uniq_terence, uniq_jessica
D:4:      nicolae_overflow_hidden_temple
D:5:      minmay_temple_entry_trees, nicolae_ossuary_entry_ruins

Skill      XL: |  1  2  3  4 |
---------------+-------------+-----
Unarmed Combat | 1 2 3 |  3.1
Fighting       | |  2.1
Throwing       | |  4.6
Dodging        | |  2.0
Stealth        | |  1.3

Action                   |  1- 3 |  4- 6 || total
-------------------------+-------+-------++-------
Melee: Unarmed           |    70 |    19 ||    89
       Constrict         |    21 |     5 ||    26
       Tentacles         |    14 |     4 ||    18
       Hunting sling     |       |     1 ||     1
 Fire: Hunting sling     |     8 |     8 ||    16
Throw: Javelin           |    13 |     5 ||    18
       Throwing net      |       |     1 ||     1
  Use: Scroll            |       |     3 ||     3
 Stab: Sleeping          |     7 |       ||     7
Armor: Skin              |     8 |     1 ||     9
Dodge: Dodged            |    56 |    13 ||    69

Table legend:
 A = Non-vault XP
 B = Vault XP
 C = Vault XP percentage of total XP
 D = Non-vault monster count
 E = Vault monster count
 F = Vault count percentage of total count
                 A         B        C        D         E       F
            +---------+---------+-------+---------+---------+-------
      Total |     127 |       0 |   0.0 |      39 |       0 |   0.0
            +---------+---------+-------+---------+---------+-------
        D:1 |      20 |       0 |   0.0 |      11 |       0 |   0.0
        D:2 |      11 |       0 |   0.0 |       5 |       0 |   0.0
        D:3 |      27 |       0 |   0.0 |      12 |       0 |   0.0
        D:4 |      56 |       0 |   0.0 |       6 |       0 |   0.0
        D:5 |      13 |       0 |   0.0 |       5 |       0 |   0.0
            +---------+---------+-------+---------+---------+-------
